 Dungeon Crawl Stone Soup version 0.28-b1-1-g3c77fb2ed1 (webtiles) character file.

Game seed: 11300814631115213576

29269 crazypyro the Severer (level 13, -7/117 HPs)
             Began as a Minotaur Fighter on Jan 29, 2022.
             Was an Initiate of Gozag.
             Killed by drain life
             ... invoked by a soul eater
             ... summoned by an orc high priest
              (9 damage)
             ... on level 2 of the Orcish Mines.
             The game lasted 00:26:24 (15229 turns).

crazypyro the Severer (Minotaur Fighter)           Turns: 15229, Time: 00:26:25

Health: -7/117     AC: 18    Str: 24    XL:     13   Next: 14%
Magic:  12/12      EV: 13    Int:  5    God:    Gozag
Gold:   1207       SH: 10    Dex: 12    Spells: 12/12 levels left

rFire   + + .      SeeInvis .   y - +4 broad axe (elec)
rCold   . . .      Faith    .   c - +0 buckler
rNeg    + . .      Spirit   .   w - +1 fire dragon scales
rPois   .          Reflect  +   (helmet restricted)
rElec   .          Harm     .   z - +1 cloak
rCorr   +          Rampage  .   O - +1 pair of gloves "Jamuiliy" {rN+ rCorr}
Will    .....                   (no boots)
Stlth   ..........              C - amulet "Apama" {Reflect rC+ SH+5}
HPRegen 0.29/turn               i - +4 ring of slaying
MPRegen 0.13/turn               f - +4 ring of slaying

@: brilliant, gold aura
A: horns 2, retaliatory headbutt
a: Renounce Religion, Potion Petition, Call Merchant, Bribe Branch


You were on level 2 of the Orcish Mines.
You worshipped Gozag.
Gozag was most pleased with you.
You visited 3 branches of the dungeon, and saw 15 of its levels.

You collected 3600 gold pieces.
You spent 1068 gold pieces at shops.
You paid 1325 gold pieces to Gozag.

Inventory:

Hand Weapons
 a - a +1 war axe
 n - a +4 war axe of electrocution
 y - a +4 broad axe of electrocution (weapon)
 N - a +0 battleaxe
Missiles
 r - 5 throwing nets (quivered)
Armour
 b - a +0 scale mail
 c - a +0 buckler (worn)
 d - a +0 plate armour
 u - a +1 leather armour of fire resistance
 w - +1 fire dragon scales (worn)
 x - a +0 pair of gloves
 z - a +1 cloak (worn)
 H - a +0 pair of gloves
 L - a +2 pair of gloves
 O - the +1 pair of gloves "Jamuiliy" (worn) {rN+ rCorr}
   (You bought it in a shop on level 1 of the Orcish Mines)

   rN:        It protects you from negative energy.
   rCorr:     It protects you from acid and corrosion.
 P - a +1 chain mail of cold resistance
Jewellery
 e - a ring of magical power
 f - a +4 ring of slaying (right hand)
 i - a +4 ring of slaying (left hand)
 q - a ring of wizardry
 C - the amulet "Apama" (around neck) {Reflect rC+ SH+5}
   (You bought it in a shop on level 9 of the Dungeon)

   [amulet of reflection]

   It reflects blocked missile attacks.
   rC:        It protects you from cold.
   SH:        It affects your SH (+5).
 D - a ring of positive energy
Wands
 p - a wand of digging (11)
 B - a wand of iceblast (15)
 F - a wand of paralysis (8)
 I - a wand of polymorph (15)
Scrolls
 g - 12 scrolls of identify
 h - 2 scrolls of noise
 j - 5 scrolls of teleportation
 k - 3 scrolls of enchant armour
 s - 4 scrolls of summoning
 G - a scroll of silence {unknown}
 K - a scroll of blinking
Potions
 l - 2 potions of brilliance
 m - a potion of cancellation {unknown}
 o - a potion of magic
 t - a potion of ambrosia {unknown}
 v - 2 potions of mutation {unknown}
 A - a potion of degeneration {unknown}
 E - a potion of curing {unknown}
 J - a potion of lignification {unknown}
 M - a potion of flight {unknown}


   Skills:
 + Level 11.8 Fighting
 * Level 17.2 Axes
 + Level 12.7 Armour
 + Level 10.4 Dodging
 - Level 6.1 Shields


You had 12 spell levels left.
You didn't know any spells.
Your spell library contained the following spells:

 Spells                   Type           Power      Damage    Failure   Level
 Freeze                   Ice            0%         1d3       83%         1
 Frozen Ramparts          Ice            0%         1d2       99%         3
 Hailstorm                Conj/Ice       0%         3d3       100%        4


Dungeon Overview and Level Annotations

Branches:
Dungeon (12/15)            Temple (1/1) D:4            Lair (0/6) D:10
    Orc (2/2) D:12            Elf (0/3) Orc:2

Altars:
Ashenzari
Cheibriados
Dithmenos
Elyvilon
Fedhas
Gozag
Hepliaklqana
Kikubaaqudgha
Makhleb
Nemelex Xobeh
Okawaru
Qazlal
Ru
Sif Muna
Trog
Uskayaw
Vehumet
Wu Jian
Xom
Yredelemnul
Zin
The Shining One
Beogh

Shops:
D:1 [   D:4 *   D:9 =   Orc:1 [*

Annotations:
D:5 1 runed translucent door, Dormantt's ghost, novice DjCA
D:9 exclusion: ice statue
D:11 exclusions: ice statue and orange crystal statue


Innate Abilities, Weirdness & Mutations

You have a pair of horns on your head.
You reflexively headbutt those who attack you in melee.


Message History

The orc barely misses you. You furiously retaliate!
You headbutt the orc!
You kill the orc!
The orc closely misses you. You block the orc warrior's attack.
The orc hits you but does no damage. x2
The orc high priest utters an invocation to Beogh.
It was a potion of brilliance.
You feel clever all of a sudden. The orc knight misses you.
You block something's attack. The orc hits you but does no damage.
The orc warrior barely misses you. You block the orc's attack.
The orc hits you but does no damage.
An orc priest comes into view. It is wielding a +0 club.
The chaos spawn grows dozens of eye stalks in order to get a better look at you.
The soul eater hits you but does no damage.
It was a potion of magic.
Magic courses through your body.
The orc priest shouts!
You hear a shout!
The orc knight misses you. Something hits you but does no damage.
You block the orc's attack.
The orc warrior is distracted by your dazzling golden aura.
The orc hits you but does no damage. The orc closely misses you.
The soul eater closely misses you. You furiously retaliate!
You headbutt the soul eater.
The orc warrior shouts!
You slash something! Lightning courses through something!
Reactivating autopickup.
You feel a bit more experienced.
You slice the orc wizard!!
You kill the orc wizard!
You slice the orc!!
You kill the orc!
You slash the soul eater! You slash the orc!
You kill the orc!
You slash the orc!
You kill the orc!
You barely miss the orc warrior.
The orc warrior is no longer distracted by gold.
The orc knight hits you from afar with a +0 bardiche.
* * * LOW HITPOINT WARNING * * *
You block the orc warrior's attack.
The soul eater draws from the surrounding life force!
You die...
Your body crumbles into a pile of gold.

......{$$.$$...........o.........
......o#.$$...$...........###)[)$...4............
.. ..#...# #..)33o............... ###...
#..)$@$o.4............ #. ##..$$oo.#............
#........##........... ##.......# .....
##.......# #...#.#...... ##.#####.#.## $ ### ####


You could see an orc knight, 2 soul eaters, 2 orc high priests, an orange demon
(summoned), a chaos spawn (summoned) and an orc warrior (strong).

Vanquished Creatures
  An ettin (Orc:1)
  Snorg (D:11)
  A rakshasa (D:12)
  Harold (D:7)
  A boulder beetle (D:11)
  A death knight (D:12)
  4 two-headed ogres
  4 orc high priests
  Sonja (D:12)
  Pikel (D:7)
  3 orc knights (Orc:1)
  A manticore (D:8)
  2 orc sorcerers
  6 cyclopes
  Joseph (D:8)
  3 kobold demonologists (D:12)
  10 trolls
  2 hornets
  A meliai zombie (D:11)
  2 shadows (D:11)
  The ghost of zeram the Chopper, an amateur HOFi (D:7)
  2 wyverns (D:10)
  5 yaks
  A wraith (D:10)
  4 steam dragons
  A basilisk (D:10)
  12 vampire mosquitoes
  2 wargs (Orc:1)
  3 water moccasins
  2 acid dragons
  31 orc warriors
  An ice beast (D:6)
  A black bear (D:10)
  5 ogres
  A sky beast (D:6)
  2 phantoms
  A lemure (D:7)
  4 centaurs
  A kobold brigand (D:12)
  5 bullfrogs
  2 gnoll sergeants
  2 scorpions
  A wyvern zombie (D:6)
  A water moccasin zombie (D:6)
  7 killer bees
  2 electric eels (D:10)
  6 howler monkeys (D:7)
  A bullfrog zombie (D:6)
  3 centaur zombies
  5 hounds
  13 orc priests
  A bullfrog skeleton (D:7)
  Crazy Yiuf (D:7)
  A centaur skeleton (D:5)
  19 orc wizards
  A killer bee zombie (D:7)
  2 hound skeletons
  7 adders
  8 gnolls
  2 shadow imps
  An ufetubus (D:4)
  A worm (D:5)
  A dart slug (D:2)
  82 orcs
  3 bats
  13 endoplasms
  2 giant cockroaches
  2 hobgoblins
  5 jackals
  3 quokkas
  17 ball pythons
  3 frilled lizards
  7 goblins
  7 kobolds
  6 rats
370 creatures vanquished.

Vanquished Creatures (others)
  9 plants
  2 withered plants (D:5)
11 creatures vanquished.

Grand Total: 381 creatures vanquished

Notes
Turn   | Place    | Note
-------+----------+-------------------------------------------
     0 | D:1      | crazypyro the Minotaur Fighter began the quest for the Orb.
     0 | D:1      | Reached XP level 1. HP: 19/19 MP: 0/0
   116 | D:1      | Found Mykhiv's Antique Armour Shop.
   148 | D:1      | Reached skill level 3 in Axes
   220 | D:1      | Reached XP level 2. HP: 24/26 MP: 1/1
   992 | D:2      | Reached skill level 4 in Axes
   992 | D:2      | Reached XP level 3. HP: 31/31 MP: 2/2
  1093 | D:2      | Reached skill level 1 in Dodging
  1155 | D:2      | Found a faded altar of an unknown god.
  1318 | D:2      | Reached XP level 4. HP: 35/39 MP: 3/3
  2505 | D:4      | Reached skill level 5 in Axes
  2505 | D:4      | Reached XP level 5. HP: 45/45 MP: 4/4
  2535 | D:4      | Noticed a phantom
  2544 | D:4      | Killed a phantom
  2715 | D:4      | Found Jiriolamna's General Store.
  2752 | D:4      | Found a staircase to the Ecumenical Temple.
  2773 | Temple   | Entered the Ecumenical Temple
  2967 | Temple   | Became a worshipper of Gozag Ym Sagoz the Greedy
  3275 | D:4      | Found a radiant altar of Vehumet.
  3282 | D:4      | Reached XP level 6. HP: 51/51 MP: 5/5
  3531 | D:5      | Entered Level 5 of the Dungeon
  3666 | D:5      | Reached skill level 6 in Axes
  3749 | D:5      | Found a runed translucent door.
  3749 | D:5      | Noticed Dormantt's ghost (novice DjCA)
  3798 | D:5      | Reached skill level 5 in Armour
  3798 | D:5      | Reached skill level 5 in Shields
  4199 | D:5      | Reached XP level 7. HP: 39/57 MP: 6/6
  4398 | D:6      | Noticed a steam dragon
  4406 | D:6      | Killed a steam dragon
  4410 | D:6      | Reached skill level 7 in Axes
  4553 | D:6      | Reached XP level 8. HP: 20/64 MP: 7/7
  4892 | D:6      | Reached skill level 8 in Axes
  4990 | D:6      | You fall into a shaft and drop 3 floors!
  5008 | D:9      | HP: 1/66 [steam dragon (6)]
  5356 | D:9      | Reached skill level 9 in Axes
  5479 | D:8      | Reached skill level 5 in Fighting
  5769 | D:6      | Reached XP level 9. HP: 67/74 MP: 8/8
  5772 | D:6      | Reached skill level 10 in Axes
  6304 | D:7      | Noticed Pikel
  6312 | D:7      | Killed Pikel
  6318 | D:7      | Reached skill level 11 in Axes
  6318 | D:7      | Reached skill level 5 in Dodging
  6323 | D:7      | Noticed Harold
  6329 | D:7      | Killed Harold
  6342 | D:7      | Reached XP level 10. HP: 53/86 MP: 9/9
  6530 | D:7      | Noticed zeram's ghost (amateur HOFi)
  6564 | D:7      | Found a transporter.
  6790 | D:7      | Found a runed translucent door.
  6791 | D:7      | Noticed Crazy Yiuf
  6796 | D:7      | Killed Crazy Yiuf
  6918 | D:7      | Found a transporter.
  7042 | D:7      | Reached skill level 12 in Axes
  7049 | D:7      | Killed zeram's ghost
  7236 | D:8      | Noticed a manticore
  7238 | D:8      | Noticed Joseph
  7254 | D:8      | Killed a manticore
  7258 | D:8      | HP: 3/88 [Joseph/sling bullet (7)]
  7654 | D:8      | Killed Joseph
  8501 | D:9      | Bought the amulet "Apama" {Reflect rC+ SH+5} for 660 gold
                  | pieces
  8689 | D:9      | Noticed an ice statue
  8710 | D:10     | Entered Level 10 of the Dungeon
  8717 | D:10     | Reached skill level 13 in Axes
  8748 | D:10     | Noticed a two-headed ogre
  8753 | D:10     | Killed a two-headed ogre
  8940 | D:10     | Reached XP level 11. HP: 94/95 MP: 10/10
  9141 | D:10     | Reached skill level 10 in Armour
  9257 | D:10     | Found a staircase to the Lair.
  9919 | D:11     | Noticed a boulder beetle
  9924 | D:11     | Killed a boulder beetle
  9951 | D:11     | Reached skill level 14 in Axes
 10606 | D:11     | Noticed a two-headed ogre
 10614 | D:11     | Killed a two-headed ogre
 10749 | D:11     | Noticed Snorg
 10757 | D:11     | Killed Snorg
 11064 | D:11     | Noticed an orange crystal statue
 11318 | D:12     | Noticed a death knight
 11325 | D:12     | Killed a death knight
 11326 | D:12     | Reached skill level 10 in Fighting
 11616 | D:12     | Reached skill level 15 in Axes
 11995 | D:12     | Noticed a rakshasa
 12008 | D:12     | Killed a rakshasa
 12009 | D:12     | Reached XP level 12. HP: 93/106 MP: 11/11
 12080 | D:12     | Noticed a two-headed ogre
 12082 | D:12     | Noticed Sonja
 12086 | D:12     | Killed a two-headed ogre
 12091 | D:12     | Killed Sonja
 12555 | D:12     | Found a staircase to the Orcish Mines.
 12633 | Orc:1    | Entered Level 1 of the Orcish Mines
 12635 | Orc:1    | Noticed a two-headed ogre
 12642 | Orc:1    | Killed a two-headed ogre
 12650 | Orc:1    | Reached skill level 16 in Axes
 12681 | Orc:1    | Bought a scroll of enchant armour for 180 gold pieces
 12688 | Orc:1    | Bought a pair of spiked gloves for 228 gold pieces
 12688 | Orc:1    | Identified the +1 pair of gloves "Jamuiliy" {rN+ rCorr}
                  | (You bought it in a shop on level 1 of the Orcish Mines)
 12835 | Orc:2    | Entered Level 2 of the Orcish Mines
 12879 | Orc:1    | Noticed an orc high priest
 13245 | Orc:1    | Killed an orc high priest
 13410 | Orc:1    | Noticed an ettin
 13416 | Orc:1    | Killed an ettin
 13474 | Orc:1    | Noticed an orc high priest
 13481 | Orc:1    | Killed an orc high priest
 13482 | Orc:1    | Reached skill level 10 in Dodging
 13707 | Orc:1    | Found Raptaw's Antique Armour Shoppe.
 13828 | Orc:1    | Noticed an orc high priest
 13849 | Orc:1    | Killed an orc high priest
 14104 | Orc:2    | Noticed an orc high priest
 14105 | Orc:2    | Found a staircase to the Elven Halls.
 14108 | Orc:2    | Killed an orc high priest
 14109 | Orc:2    | Reached skill level 17 in Axes
 14109 | Orc:2    | Reached XP level 13. HP: 102/117 MP: 12/12
 15225 | Orc:2    | HP: 4/117 [orc knight (11)]
 15229 | Orc:2    | Killed from afar by a soul eater

Illustrated notes

Levels and vault maps discovered:
D:1:      tarquinn_simple_flora_water_b, layout_basic, serial_shops,
          shop_fountains
D:2:      layout_rooms, shapermc_ecumenical_altar_mp_ritualfount, serial_forest,
          infiniplex_forest_clump_small, infiniplex_forest_straight_4,
          infiniplex_forest_end_2, infiniplex_forest_corner_1,
          infiniplex_forest_clump_double, infiniplex_forest_corner_2,
          infiniplex_forest_straight_2, st_stairs_12,
          ebering_dispersal_statue_hall, minmay_hexomino_f4
D:3:      layout_loops_cross, nicolae_concentric_dashed_squares_mild
D:4:      layout_loops_ring, mainiacjoe_overflow_chevrons,
          minmay_temple_entry_butterflies, serial_glass, glass_columns_a,
          glass_columns_c, glass_columns_a, glass_columns_c, serial_shops, shop,
          serial_bayou_lake_a
D:5:      layout_cave_pools, gammafunk_ghost_grave,
          chequers_serial_rivers_micro_b, minmay_misc_feat_roman
D:6:      nicolae_cairo_tiling, layout_rooms
D:7:      layout_rooms, gammafunk_ghost_hive, uniq_pikel, uniq_harold,
          uniq_crazy_yiuf_cottage
D:8:      layout_loops_ring, serial_glass, glass_columns_a, glass_columns_a,
          glass_columns_a, glass_columns_b, glass_columns_a, glass_columns_b,
          glass_columns_a, glass_columns_b, enter_ossuary_1, uniq_joseph
D:9:      minmay_statue_hallways, layout_rooms
D:10:     layout_stronghold, david_lair_generic, fountainhead
D:11:     layout_basic, david_greed, uniq_snorg
D:12:     layout_roguey, hiddenorc1_lemuel, lemuel_flamethrower_1, uniq_sonja
Temple:   mainiacjoe_temple_hex_bubbles
Orc:1:    layout_caves, basic_altar, serial_shops,
          nicolae_shop_overgrown_old_shop, special_room [special_room_orc],
          kennysheep_orc_chapel
Orc:2:    st_orc_congregation, layout_caves, basic_altar

Skill      XL: |  1  2  3  4  5  6  7  8  9 10 11 12 |
---------------+-------------------------------------+-----
Axes           | 3 4 5 6 7 9 11 13 15 17 | 17.2
Dodging        | 1 2 3 4 5 7 8 10 | 10.4
Shields        | 4 5 6 |  6.1
Armour         | 4 5 6 7 8 9 11 12 | 12.7
Fighting       | 5 7 8 10 11 | 11.8

Action                   |  1- 3 |  4- 6 |  7- 9 | 10-12 | 13-15 || total
-------------------------+-------+-------+-------+-------+-------++-------
Melee: War axe           |    74 |    89 |    50 |       |       ||   213
       Headbutt          |     8 |    17 |    17 |    80 |    12 ||   134
       Broad axe         |       |       |    51 |   385 |    54 ||   490
Invok: Call Merchant     |       |       |       |     2 |       ||     2
Evoke: Wand              |       |       |       |     1 |       ||     1
  Use: Scroll            |     3 |       |     6 |     9 |       ||    18
       Potion            |       |       |     3 |     1 |     2 ||     6
 Stab: Distracted        |       |       |     1 |     3 |     1 ||     5
Armor: Scale mail        |    40 |    25 |       |       |       ||    65
       Fire dragon scale |       |    11 |    74 |   120 |    32 ||   237
Dodge: Dodged            |    25 |    46 |    70 |   154 |    42 ||   337
Block: Buckler           |    19 |    16 |    32 |   124 |    44 ||   235
       Reflection        |       |       |       |     3 |     2 ||     5
